 Seeded DCSS version 0.30-a0-6-g7c9e10e132 (webtiles) character file.

Game seed: 56 (custom seed)

58 fingers the Trooper (level 3, -2/49 HPs)
             Began as a Draconian Berserker on Aug 22, 2022.
             Was a Follower of Trog.
             Slain by a goblin
             ... wielding a +0 club
             ... led by Robin
              (5 damage)
             ... on level 2 of the Dungeon.
             The game lasted 00:02:49 (1801 turns).

fingers the Trooper (Draconian Berserker)           Turns: 1801, Time: 00:02:49

Health: -2/49      AC:  5    Str: 21    XL:     3   Next: 75%
Magic:  3/3        EV: 12    Int:  7    God:    Trog [*.....]
Gold:   38         SH:  0    Dex: 10    Spells: 2/2 levels left

rFire   . . .      SeeInvis .    i - +0 flail
rCold   . . .      Faith    .    (no shield)
rNeg    . . .      Spirit   .    (body armour unavailable)
rPois   .          Reflect  .    (helmet restricted)
rElec   .          Harm     .    (no cloak)
rCorr   .          Rampage  .    (no gloves)
Will    .....                    (no boots)
Stlth   ..........               (no amulet)
HPRegen 0.16/turn                (no ring)
MPRegen 0.08/turn                (no ring)

@: berserking, very quick
A: AC +5, unfitting armour, cold-blooded
a: Renounce Religion, Berserk


You were on level 2 of the Dungeon.
You worshipped Trog.
Trog was aware of your devotion.
You visited 1 branch of the dungeon, and saw 2 of its levels.

You collected 38 gold pieces.

Inventory:

Hand Weapons
 a - a +0 mace
 i - a +0 flail (weapon)
Missiles
 g - a throwing net
Scrolls
 b - a scroll of vulnerability {unknown}
 c - 7 scrolls of identify {unknown}
 d - 2 scrolls of acquirement {unknown}
 h - a scroll of fog {unknown}
 l - a scroll of enchant armour {unknown}
 m - a scroll of magic mapping {unknown}
Potions
 e - a potion of haste {unknown}
 f - a potion of brilliance {unknown}
 j - a potion of lignification {unknown}
 k - a potion of attraction {unknown}


   Skills:
 + Level 4.0 Fighting
 + Level 3.6 Maces & Flails
 + Level 3.3 Dodging


You had 2 spell levels left.
You didn't know any spells.
Your spell library was empty.

Dungeon Overview and Level Annotations

Branches:
Dungeon (2/15)

Altars:

Shops:
D:1 (

Annotations:
D:2 Robin


Innate Abilities, Weirdness & Mutations

Your plain brown scales are hard. (AC +5)
You cannot fit into any form of body armour.
You are cold-blooded and may be slowed by cold attacks.


Message History

The hobgoblin hits you but does no damage.
The goblin hits you but does no damage. x2
A hobgoblin comes into view.
The hobgoblin hits you. The goblin completely misses you.
You barely miss the goblin.
A nearby plant withers and dies.
The goblin hits you but does no damage. The goblin closely misses you.
The goblin hits you with a +0 club. The hobgoblin hits you.
The goblin barely misses you. The goblin hits you with a +0 dagger.
A red film seems to cover your vision as you go berserk!
You feel yourself moving faster!
You feel mighty!
A hobgoblin comes into view.
The hobgoblin barely misses you. The goblin hits you but does no damage.
The goblin closely misses you. The goblin hits you but does no damage.
You barely miss the goblin. The goblin closely misses you.
The hobgoblin hits you.
You sock the hobgoblin!
You feel the power of Trog in you as your rage grows.
You kill the hobgoblin!
Trog accepts your kill. The goblin closely misses you.
The goblin hits you with a +0 dagger. The goblin closely misses you.
You closely miss the goblin.
Your tail-slap misses the goblin.
The goblin hits you but does no damage. The goblin completely misses you.
The goblin hits you with a +0 club.
You closely miss the goblin. The goblin hits you with a +0 club.
* * * LOW HITPOINT WARNING * * *
The goblin hits you with a +0 dagger.
* * * LOW HITPOINT WARNING * * *
The goblin hits you but does no damage. The goblin barely misses you.
You barely miss the goblin. The goblin closely misses you.
The goblin hits you with a +0 dagger.
* * * LOW HITPOINT WARNING * * *
The goblin hits you with a +0 dagger.
* * * LOW HITPOINT WARNING * * *
You closely miss the goblin. The goblin closely misses you.
The goblin hits you with a +0 club.
* * * LOW HITPOINT WARNING * * *
Robin throws the goblin at you! The goblin closely misses you. x2
You closely miss the goblin. The goblin hits you with a +0 club.
You die...

#.### #...⌠bP
#...# ....~.#
###.## ##.#..⌠$#
#..# #..#..PP#
##.###
#.##..~P###. #...#
#.##..~P.... ###.#
#.##g.g⌠~~~~
#.#####.##g)g..$..
#..##...##@#'##'.#
##....#..ggg..#
#..###...g...+
##># #.......# #.#
#.......+ #.#
#.......# #.#
#.......# #.#
#.......# #.#
#.......#


You could see Robin, a hobgoblin (strong) and 6 goblins.

Vanquished Creatures
  Terence (D:2)
  A worm (D:2)
  3 endoplasms (D:1)
  A giant cockroach (D:1)
  5 goblins
  5 hobgoblins
  A quokka (D:1)
  A ball python (D:1)
  3 bats (D:1)
  3 frilled lizards
  2 kobolds (D:1)
  2 rats
28 creatures vanquished.

Vanquished Creatures (others)
  2 fungi (D:2)
  A plant (D:2)
3 creatures vanquished.

Grand Total: 31 creatures vanquished

Notes
Turn   | Place    | Note
-------+----------+-------------------------------------------
     0 | D:1      | fingers the Draconian Berserker began the quest for the
                  | Orb.
     0 | D:1      | Reached XP level 1. HP: 19/19 MP: 1/1
   616 | D:1      | Reached XP level 2. HP: 26/26 MP: 2/2
   683 | D:1      | Found Puihongi's Antique Weapon Emporium.
  1284 | D:2      | Noticed Terence
  1292 | D:2      | Killed Terence
  1293 | D:2      | Reached XP level 3. HP: 33/33 MP: 3/3
  1616 | D:2      | Reached skill level 4 in Fighting
  1788 | D:2      | Noticed Robin
  1801 | D:2      | Slain by a goblin

Illustrated notes

Levels and vault maps discovered:
D:1:      onia_arrival_mini_maze, layout_rooms, serial_shops,
          nicolae_shop_advertising_works [nicolae_subvault_shop_adworks]
D:2:      layout_basic, shapermc_ecumenical_altar_acropolis,
          minmay_indecisive_spiral, uniq_robin, uniq_terence

Skill      XL: |  1  2  3 |
---------------+----------+-----
Dodging        | 3 |  3.3
Fighting       | 4 |  4.0
Maces & Flails | |  3.6

Action                   || total
-------------------------++-------
Melee: Mace              ||    59
       Tailslap          ||     6
       Flail             ||    22
Invok: Berserk           ||     2
Armor: Skin              ||    47
Dodge: Dodged            ||    75

Table legend: (Time is in decaauts)
 A = Elapsed time spent in this place.
 B = Non-inter-level travel time spent in this place.
 C = Inter-level travel time spent in this place.
 D = Time resting spent in this place.
 E = Time spent auto-exploring this place.
 F = Levels seen in this place.
 G = Mean time per level.
                   A        B        C        D        E       F      G
               +--------+--------+--------+--------+--------+-----+--------+
         Total |   1830 |   1763 |     67 |    916 |    513 |   2 |  915.0 |
       Dungeon |   1830 |   1763 |     67 |    916 |    513 |   2 |  915.0 |
               +--------+--------+--------+--------+--------+-----+--------+

Top non-repeatable levels by time:
     D:1: 1299 daAuts
     D:2: 531 daAuts
